 Seeded DCSS version 0.30-a0-341-g682706514a (webtiles) character file.

Game seed: 7130546335830651708 (custom seed)

58 purpskrrrp the Magician (level 4, -5/31 HPs)
             Began as a Djinni Ice Elementalist on Nov 5, 2022.
             Slain by a gnoll
             ... wielding a +0 flail
              (10 damage)
             ... on level 2 of the Dungeon.
             The game lasted 00:05:01 (1366 turns).

purpskrrrp the Magician (Djinni Ice Elementalist)   Turns: 1366, Time: 00:05:02

Health: -5/31      AC:  3    Str:  7    XL:     4   Next: 21%
Gold:   47         EV: 13    Int: 18    God:
                   SH:  0    Dex: 20

rFire   + + .      SeeInvis .    d - staff of poison
rCold   x . .      Faith    .    (no shield)
rNeg    . . .      Spirit   .    a - +1 robe
rPois   ∞          Reflect  .    (no helmet)
rElec   .          Harm     .    (no cloak)
rCorr   .          Rampage  .    (no gloves)
Will    .....                    (boots unavailable)
Stlth   ++........               (no amulet)
HPRegen 0.25/turn                g - +6 ring of dexterity
MPRegen 0.00/turn                (no ring)

@: flying, very slightly contaminated
A: sickness immunity, fire resistance 2, cold vulnerability 1, float, innate
caster, HP casting, extra vitality 1
a: no special abilities


You were on level 2 of the Dungeon.
You visited 1 branch of the dungeon, and saw 2 of its levels.

You collected 47 gold pieces.

Inventory:

Missiles
 e - 3 throwing nets
Armour
 a - a +1 robe (worn)
Magical Staves
 d - a staff of poison (weapon)
Jewellery
 g - a +6 ring of dexterity (left hand)
Potions
 f - 2 potions of might
 j - a potion of flight {unknown}
 k - a potion of brilliance {unknown}
 l - a potion of degeneration {unknown}


   Skills:
 + Level 1.6 Staves
 + Level 3.1 Dodging
 - Level 1.5 Stealth
 + Level 3.7 Spellcasting


You couldn't memorise any spells.
You knew the following spells:

 Your Spells              Type           Power      Damage    Failure   Level
a - Freeze                Ice            64%        1d7       3%          1
b - Frozen Ramparts       Ice            32%        1d5       10%         3
c - Ozocubu's Armour      Ice            16%        N/A       10%         3
d - Summon Ice Beast      Ice/Summ       16%        N/A       32%         4
e - Sting                 Tmut/Pois      96%        1d7       3%          1
Your spell library was empty.

Dungeon Overview and Level Annotations

Branches:
Dungeon (2/15)

Altars:


Innate Abilities, Weirdness & Mutations

You are immune to sickness and miasma.
You are immune to poison.
Your flesh is very heat resistant. (rF++)
You are vulnerable to cold. (rC-)
You float through the air rather than walking.
You learn spells naturally, not from books.
Your magical power is your life essence.
You have superior vitality. (+4 MHP)


Message History

You feel agile.
The gnoll hits you with a +0 spear of venom.
* * * LOW HITPOINT WARNING * * *
Items here: $ ) [ †.
You are too injured to fight recklessly!
Aiming: Freeze (safe; 3% risk of failure)
Press: ? - help, Q - select action, (/) - cycle Shift-Dir - straight line, f - gnoll
Aim: a gnoll, wielding a +0 spear of venom and wearing a +0 robe You freeze the gnoll.
The gnoll is heavily wounded.
* * * LOW HITPOINT WARNING * * *
The gnoll closely misses you.
Aiming: Freeze (safe; 3% risk of failure)
Press: ? - help, Q - select action, (/) - cycle Shift-Dir - straight line, f/p - gnoll
Aim: a gnoll, wielding a +0 spear of venom and wearing a +0 robe (heavily wounded)
You freeze the gnoll.
The gnoll is severely wounded.
* * * LOW HITPOINT WARNING * * *
The gnoll closely misses you.
Aiming: Freeze (safe; 3% risk of failure)
Press: ? - help, Q - select action, (/) - cycle Shift-Dir - straight line, f/p - gnoll
Aim: a gnoll, wielding a +0 spear of venom and wearing a +0 robe (severely wounded)
You miscast Freeze.
You are very lightly contaminated with residual magic.
Nothing appears to happen.
* * * LOW HITPOINT WARNING * * *
Aiming: Freeze (safe; 3% risk of failure)
Press: ? - help, Q - select action, (/) - cycle Shift-Dir - straight line, f/p - gnoll
Aim: a gnoll, wielding a +0 spear of venom and wearing a +0 robe (severely wounded)
You freeze the gnoll.
You kill the gnoll!
* * * LOW HITPOINT WARNING * * *
Aiming: Freeze (safe; 3% risk of failure)
Press: ? - help, Q - select action, (/) - cycle Shift-Dir - straight line, f - gnoll
Aim: a gnoll, wielding a +0 flail and quivering atropa-tipped darts You freeze the gnoll.
The gnoll is heavily wounded.
* * * LOW HITPOINT WARNING * * *
The gnoll hits you with a +0 flail!
You die...

#.#.#.################
#.#.#.# ###########
#...#.# #.........#
#####.# #.#######.# #.#
#.#######.#
#.###....#..#.#
########.##.....#..#.#
#........)g.....#..#.#
##.#####.@#.....#..#.#
#.#....#.##.##.#..#.#
#.#.##.#.##.##.#..#.#
#.#.##.#.##.##.#..#.#
#.#.##.#.##....#..#.#
#.#.##.#.#######..#.#
#.#.##.#.# #..#.#
#.#.##.#.#######..#.#
#.#..........<....#.#####


You could see a gnoll.

Vanquished Creatures
  2 gnolls (D:2)
  2 adders (D:2)
  A dart slug (D:2)
  4 endoplasms
  A giant cockroach (D:1)
  4 hobgoblins (D:1)
  3 kobolds (D:1)
  A ball python (D:1)
  A frilled lizard (D:2)
  A goblin (D:2)
  A rat (D:1)
21 creatures vanquished.

Notes
Turn   | Place    | Note
-------+----------+-------------------------------------------
     0 | D:1      | purpskrrrp the Djinni Ice Elementalist began the quest for
                  | the Orb.
     0 | D:1      | purpskrrrp set off with the following spells memorised:
                  | Freeze, Frozen Ramparts, Ozocubu's Armour, Summon Ice
                  | Beast.
     0 | D:1      | Reached XP level 1. HP: 15/15 MP: 0/0
    46 | D:1      | Identified a scroll of acquirement
    46 | D:1      | Acquired a staff of poison
    87 | D:1      | Reached XP level 2. HP: 15/21 MP: 0/0
   899 | D:2      | Reached skill level 1 in Staves
   899 | D:2      | Reached XP level 3. HP: 23/25 MP: 0/0
   899 | D:2      | Learned a level 1 spell: Sting
  1361 | D:2      | Reached XP level 4. HP: 11/31 MP: 0/0
  1366 | D:2      | Slain by a gnoll

Illustrated notes

Levels and vault maps discovered:
D:1:      dpeg_arrival_refuge, layout_basic
D:2:      layout_basic

Skill      XL: |  1  2  3 |
---------------+----------+-----
Staves         | 1 |  1.6
Dodging        | 3 |  3.1
Stealth        | |  1.5
Spellcasting   | |  3.7

Action                   |  1- 3 |  4- 6 || total
-------------------------+-------+-------++-------
Melee: Staff             |    11 |       ||    11
       Unarmed           |     1 |       ||     1
 Cast: Freeze            |    39 |     4 ||    43
  Use: Scroll            |     5 |       ||     5
       Potion            |     1 |       ||     1
Armor: Robe              |     8 |       ||     8
Dodge: Dodged            |    39 |     2 ||    41

Table legend: (Time is in decaauts)
 A = Elapsed time spent in this place.
 B = Non-inter-level travel time spent in this place.
 C = Inter-level travel time spent in this place.
 D = Time resting spent in this place.
 E = Time spent auto-exploring this place.
 F = Levels seen in this place.
 G = Mean time per level.
                   A        B        C        D        E       F      G
               +--------+--------+--------+--------+--------+-----+--------+
         Total |   1367 |   1329 |     38 |     97 |   1029 |   2 |  683.5 |
       Dungeon |   1367 |   1329 |     38 |     97 |   1029 |   2 |  683.5 |
               +--------+--------+--------+--------+--------+-----+--------+

Top non-repeatable levels by time:
     D:2: 783 daAuts
     D:1: 583 daAuts
